 Dungeon Crawl Stone Soup version 0.31-a0-154-g56bf346678 (webtiles) character file.

Game seed: 12262946174863779444

16 Bill214 the Covered (level 2, -2/24 HPs)
             Began as a Human Fighter on June 11, 2023.
             Succumbed to a scorpion's poison
             ... on level 2 of the Dungeon.
             The game lasted 00:20:41 (1083 turns).

Bill214 the Covered (Human Fighter)                 Turns: 1083, Time: 00:20:41

Health: -2/24      AC:  6    Str: 16    XL:     2   Next: 70%
Magic:  2/2        EV:  8    Int:  8    God:
Gold:   28         SH:  4    Dex: 12    Spells: 1/1 levels left

rFire   . . .        a - +0 long sword
rCold   . . .        c - +0 buckler
rNeg    . . .        b - +0 scale mail
rPois   .            (no helmet)
rElec   .            (no cloak)
rCorr   .            (no gloves)
SInv    .            (no boots)
Will    .....        (no amulet) Stlth
                     (no ring)
HPRegen 0.24/turn    (no ring)
MPRegen 0.08/turn

%: no passive effects
@: lethally poisoned (-2 -> -14)
A: no striking features
a: no special abilities


You were on level 2 of the Dungeon.
You visited 1 branch of the dungeon, and saw 2 of its levels.

You collected 28 gold pieces.

Inventory:

Hand Weapons
 a - a +0 long sword (weapon)
 h - a +0 sling
 j - a +0 mace
 k - a +0 dagger
Armour
 b - a +0 scale mail (worn)
 c - a +0 buckler (worn)
 i - a +0 chain mail
Scrolls
 g - a scroll of teleportation {unknown}
 l - 2 scrolls of identify {unknown}
 m - a scroll of noise {unknown}
Potions
 d - a potion of might
 e - 5 potions of heal wounds {unknown}
 f - a potion of lignification {unknown}


   Skills:
 + Level 3.1 Fighting
 + Level 2.3 Long Blades
 + Level 3.2 Armour
 + Level 3.2 Shields


You had one spell level left.
You didn't know any spells.
Your spell library was empty.

Dungeon Overview and Level Annotations

Branches:
Dungeon (2/15)

Altars:


Message History

You feel sick.
You hit the scorpion.
The scorpion is lightly wounded.
You feel sick.
The scorpion stings you but does no damage.
The scorpion closely misses you.
You closely miss the scorpion.
The scorpion is lightly wounded.
You feel sick. The scorpion stings you.
You hit the scorpion but do no damage.
The scorpion is lightly wounded.
You feel sick.
You are no longer poisoned.
The scorpion barely misses you.
The scorpion stings you but does no damage.
The scorpion stings you. You block the scorpion's attack.
You closely miss the scorpion.
The scorpion is lightly wounded.
The scorpion stings you but does no damage.
You block the scorpion's attack.
You hit the scorpion but do no damage.
The scorpion is lightly wounded.
The scorpion stings you but does no damage.
You hit the scorpion.
The scorpion is moderately wounded.
The scorpion stings you.
You are poisoned.
The scorpion poisons you! The scorpion stings you.
You are lethally poisoned!
The scorpion poisons you!
* * * LOW HITPOINT WARNING * * *
You feel very sick. The scorpion barely misses you.
The scorpion attacks as you move away! The scorpion completely misses you.
* * * LOW HITPOINT WARNING * * *
You feel very sick. The scorpion barely misses you.
There is a stone staircase leading down here.
You die...

#...# #.### #.#
#.# #.#
#.###.#####.#
#......?....#
#.#####.#######
#..@>s.#
#.#######


You could see a scorpion.

Vanquished Creatures
  4 endoplasms
  4 hobgoblins (D:1)
  A ball python (D:1)
  2 goblins
  2 kobolds (D:1)
  A rat (D:1)
14 creatures vanquished.

Notes
Turn   | Place    | Note
-------+----------+-------------------------------------------
     0 | D:1      | Bill214 the Human Fighter began the quest for the Orb.
     0 | D:1      | Reached XP level 1. HP: 18/18 MP: 1/1
   180 | D:1      | Reached XP level 2. HP: 20/24 MP: 2/2
  1069 | D:2      | Noticed a scorpion
  1082 | D:2      | HP: 1/24 [poisoned by a scorpion]
  1083 | D:2      | Succumbed to a scorpion's poison

Illustrated notes

Levels and vault maps discovered:
D:1:      grunt_arrival_crossed_arrows, layout_basic
D:2:      layout_loops_ring, basic_altar

Action                     || total
---------------------------++-------
  Melee: Long sword        ||    39
 Armour: Scale mail        ||    27
  Dodge: Dodged            ||    20
  Block: Buckler           ||     7

Table legend: (Time is in decaauts)
 A = Elapsed time spent in this place.
 B = Non-inter-level travel time spent in this place.
 C = Inter-level travel time spent in this place.
 D = Time resting spent in this place.
 E = Time spent auto-exploring this place.
 F = Levels seen in this place.
 G = Mean time per level.
                   A        B        C        D        E       F      G
               +--------+--------+--------+--------+--------+-----+--------+
         Total |   1095 |   1077 |     18 |      0 |      0 |   2 |  547.5 |
       Dungeon |   1095 |   1077 |     18 |      0 |      0 |   2 |  547.5 |
               +--------+--------+--------+--------+--------+-----+--------+

Top non-repeatable levels by time:
     D:1: 1049 daAuts
     D:2: 46 daAuts
